 Dungeon Crawl Stone Soup version 0.24.0-123-gd5b16e6ec5 (webtiles) character file.

Game seed: 18359530976504166825, levelgen mode: deterministic

63737 mortelune the Fencer (level 14, -6/135 HPs)
             Began as a Minotaur Berserker on Dec 21, 2019.
             Was a Priest of Trog.
             Mangled by Saint Roka
             ... wielding a +1 broad axe of distortion
              (25 damage)
             ... on level 2 of the Orcish Mines.
             The game lasted 00:42:53 (25299 turns).

mortelune the Fencer (Minotaur Berserker)          Turns: 25299, Time: 00:42:53

Health: -6/135     AC: 22    Str: 27    XL:     14   Next: 69%
Magic:  4/4        EV: 14    Int:  7    God:    Trog [***...]
Gold:   1974       SH:  0    Dex: 10    Spells: 13/13 levels left

rFire    . . .     SeeInvis +   Q - +3 great sword (antimagic)
rCold    . . .     Gourm    .   (shield currently unavailable)
rNeg     . . .     Faith    .   i - +0 plate armour
rPois    .         Spirit   .   E - +0 hat {SInv}
rElec    .         Reflect  .   s - +0 cloak
rCorr    +         Harm     .   U - +0 pair of gloves
MR       ++++.                  v - +0 pair of boots
Stlth    ..........             q - amulet of magic regeneration
HPRegen  1.00/turn              W - ring "Cutiad" {rCorr Int+3}
MPRegen  0.34/turn              G - +5 ring of evasion

@: berserk cooldown, regenerating, slowed, very slow
A: retaliatory headbutt, hooves 1, horns 2, magic resistance 1, inhibited
regeneration
a: Berserk, Trog's Hand, Renounce Religion


You were on level 2 of the Orcish Mines.
You worshipped Trog.
Trog was most pleased with you.
You were not hungry.

You visited 3 branches of the dungeon, and saw 20 of its levels.
You also visited: Bailey.

You collected 2102 gold pieces.
You spent 128 gold pieces at shops.

Inventory:

Hand Weapons
 a - a +2 great sword of holy wrath
 b - a +0 morningstar
 Q - a +3 antimagic great sword (weapon)
 V - a +0 shortbow of flaming
Missiles
 w - 5 silver boomerangs
 C - 39 boomerangs (quivered)
 X - 10 curare-tipped darts
Armour
 i - a +0 plate armour (worn)
 s - a +0 cloak (worn)
 v - a +0 pair of boots (worn)
 E - a +0 hat of see invisible (worn)
 M - a +1 hat
 T - a +2 buckler
 U - a +0 pair of gloves (worn)
Jewellery
 q - an amulet of magic regeneration (around neck)
 B - a +4 ring of intelligence
 G - a +5 ring of evasion (right hand)
 O - an uncursed ring of fire
 W - the ring "Cutiad" (left hand) {rCorr Int+3}
   (You found it on level 6 of the Lair of Beasts)

   [ring of resist corrosion]

   It affects your intelligence (+3).
   It provides partial protection from all sources of acid and corrosion.
Wands
 d - a wand of digging (10)
 z - a wand of iceblast (8)
 A - a wand of random effects (32)
 D - a wand of flame (45)
 H - a wand of disintegration (21)
 L - a wand of polymorph (8)
 R - a wand of acid (10)
Scrolls
 g - 3 scrolls of immolation
 k - 2 scrolls of blinking
 o - 2 scrolls of torment
 r - 8 scrolls of teleportation
 t - 5 scrolls of remove curse
 x - 4 scrolls of enchant weapon
 y - 4 scrolls of fear
 J - 8 scrolls of fog
 K - a scroll of brand weapon
 P - a scroll of enchant armour
 Y - a scroll of silence
Potions
 e - 3 potions of invisibility
 f - 4 potions of flight
 h - 2 potions of haste
 j - 7 potions of curing
 l - a potion of magic
 m - 3 potions of brilliance
 n - 7 potions of lignification
 p - 2 potions of might
 u - a potion of resistance
 F - 3 potions of agility
 N - a potion of cancellation {unknown}
Comestibles
 c - 36 rations


   Skills:
 + Level 15.4 Fighting
 - Level 20.0 Long Blades
 + Level 2.3 Throwing
 + Level 15.2 Armour
 - Level 2.6 Dodging
 + Level 2.1 Evocations


You had 13 spell levels left.
You didn't know any spells.
Your spell library contained the following spells:

 Spells                   Type           Power        Failure   Level  Hunger
 Beastly Appendage        Tmut           #.....       96%         1    ##.....
 Corona                   Hex            #......      96%         1    ##.....
 Freeze                   Ice            #...         96%         1    ##.....
 Magic Dart               Conj           #...         96%         1    ##.....
 Shock                    Conj/Air       #...         96%         1    ##.....
 Blink                    Tloc           N/A          99%         2    ###....
 Call Imp                 Summ           #.......     99%         2    ###....
 Corpse Rot               Necr           N/A          99%         2    ###....
 Ensorcelled Hibernation  Hex/Ice        #.....       99%         2    ###....
 Slow                     Hex            #.......     99%         2    ###....
 Sticks to Snakes         Tmut           #.......     99%         2    ###....
 Sublimation of Blood     Necr           #.........   99%         2    ###....
 Swiftness                Chrm/Air       #.......     99%         2    ###....
 Throw Frost              Conj/Ice       #.....       99%         2    ###....
 Confuse                  Hex            #.......     100%        3    ####...
 Conjure Flame            Conj/Fire      #.......     100%        3    ####...
 Dazzling Spray           Conj/Hex       #.....       100%        3    ####...
 Inner Flame              Hex/Fire       #.......     100%        3    ####...
 Mephitic Cloud           Conj/Pois/Air  #.......     100%        3    ####...
 Ozocubu's Armour         Chrm/Ice       #.......     100%        3    ####...
 Portal Projectile        Hex/Tloc       #.....       100%        3    ####...
 Spider Form              Tmut/Pois      #.........   100%        3    ####...
 Static Discharge         Conj/Air       #.......     100%        3    ####...
 Tukima's Dance           Hex            #.......     100%        3    ####...
 Airstrike                Air            #.........   100%        4    #####..
 Cause Fear               Hex            #.........   100%        4    #####..
 Ice Form                 Ice/Tmut       #.......     100%        4    #####..
 Leda's Liquefaction      Hex/Erth       #.........   100%        4    #####..
 Summon Ice Beast         Ice/Summ       #.......     100%        4    #####..
 Throw Icicle             Conj/Ice       #.......     100%        4    #####..
 Agony                    Necr           #.......     100%        5    ######.
 Blade Hands              Tmut           #.........   100%        5    ######.
 Bolt of Draining         Conj/Necr      #.........   100%        5    ######.
 Dispel Undead            Necr           #.......     100%        5    ######.
 Excruciating Wounds      Chrm/Necr      #.........   100%        5    ######.
 Lightning Bolt           Conj/Air       #.........   100%        5    ######.


Dungeon Overview and Level Annotations

Branches:
Dungeon (12/15)            Temple (0/1) D:6            Lair (6/6) D:9
 Shoals (0/4) Lair:4       Spider (0/4) Lair:2        Slime (0/5) Lair:6
    Orc (2/2) D:10         Bailey (visited)
    Elf: Orc:2

Altars:
Okawaru
Qazlal

Shops:
D:7 %   D:11 *

Annotations:
Lair:1 exclusion: 4 oklob plants
Lair:3 2 transporters, Rwicked's ghost, journeyman MiBe
Orc:2 Saint Roka


Innate Abilities, Weirdness & Mutations

You reflexively headbutt those who attack you in melee.
You have a pair of horns on your head.
You have large cloven feet.
You are resistant to hostile enchantments. (MR+)
You do not regenerate when monsters are visible.


Message History

Beogh smites you!
* * * LOW HITPOINT WARNING * * *
The orc warrior barely misses you.
Your skin crawls.
You feel resistant to hostile enchantments.
You feel somewhat more hungry. The orc warrior completely misses you.
You hit Saint Roka but do no damage.
Saint Roka is almost dead.
Saint Roka unwields a +0 arbalest of freezing.
Saint Roka wields a +1 broad axe of distortion.
Its appearance distorts for a moment.
Saint Roka hits you with a +1 broad axe of distortion!
* * * LOW HITPOINT WARNING * * *
Space bends around you.
* * * LOW HITPOINT WARNING * * *
The orc warrior barely misses you.
You hit Saint Roka but do no damage. Your headbutt misses Saint Roka.
Saint Roka is almost dead.
Saint Roka hits you with a +1 broad axe of distortion!!
You die...

#..............
#..............
#..............
##............$
#..............
##.....).......
#......$.......
##.............
#......@.......
##.....o.......
#.#...o........#....
#.$..................
#....................
#....................
#..............$.....
##...................
#....................


You could see Saint Roka and an orc warrior.

Vanquished Creatures
  5 dire elephants (Lair:6)
  Josephine (D:11)
  Snorg (D:10)
  6 hydras
  An anaconda (Lair:6)
  An ogre mage (Orc:2)
  6 two-headed ogres
  5 death yaks (Lair:6)
  Urug (D:11)
  Nergalle (D:10)
  An unseen horror (D:11)
  2 manticores (D:12)
  An orc sorcerer (Orc:1)
  4 elephants (Lair:6)
  3 cyclopes
  2 ugly things
  A black mamba (Lair:1)
  Joseph (D:9)
  A gargoyle (D:10)
  14 spiny frogs
  8 komodo dragons
  3 rime drakes
  2 polar bears
  3 trolls
  17 blink frogs
  A hornet (D:7)
  9 hippogriffs
  A snapping turtle (Lair:4)
  3 redbacks (Lair:2)
  2 spriggans (Lair:2)
  3 wraiths
  2 wyverns (D:9)
  19 yaks
  4 basilisks
  A vampire (D:12)
  A steam dragon (D:8)
  2 hungry ghosts
  2 wargs (Orc:1)
  A soldier ant (D:11)
  Duvessa (D:5)
  An acid dragon (D:12)
  37 water moccasins
  13 porcupines
  3 black bears
  17 orc warriors
  3 sky beasts
  An ice beast (D:11)
  A phantom (D:9)
  7 wolves
  9 centaurs
  8 ogres
  12 crocodiles
  A big kobold (D:9)
  16 bullfrogs
  A wyvern zombie (D:11)
  A wyvern skeleton (D:10)
  6 scorpions
  Dowan (D:5)
  An electric eel (Lair:4)
  5 howler monkeys
  3 crimson imps
  2 centaur zombies
  4 jellies
  A quasit (D:9)
  A bullfrog zombie (D:5)
  6 hounds
  17 orc wizards
  A bullfrog skeleton (D:10)
  12 orc priests
  4 centaur skeletons
  6 worker ants
  Ijyb (D:4)
  4 iguanas
  Natasha (twice) (D:2)
  3 hound skeletons
  A worker ant zombie (D:9)
  Robin (D:2)
  3 gnolls
  A howler monkey skeleton (D:9)
  22 adders
  3 shadow imps
  7 oozes
  4 adder skeletons
  An adder zombie (D:7)
  4 worms
  3 dart slugs
  7 leopard geckos
  48 orcs
  4 ball pythons
  11 giant cockroaches
  31 goblins
  6 hobgoblins
  4 jackals
  22 kobolds
  6 quokkas
  6 bats
  5 frilled lizards
  A leopard gecko skeleton (D:4)
  2 quokka zombies
  10 rats
  4 plants
571 creatures vanquished.

Vanquished Creatures (collateral kills)
  Rupert (Lair:4)
  2 hydras
  A two-headed ogre (Orc:1)
  A death yak (Lair:6)
  Sonja (D:12)
  An orc knight (Bailey)
  A torpor snail (Lair:6)
  A komodo dragon (Lair:5)
  A troll (D:11)
  2 wraiths (D:11)
  10 yaks (Lair:6)
  A warg (Orc:1)
  An orc warrior (Bailey)
  A centaur (D:11)
  An orc priest (D:11)
  An orc wizard (D:11)
  An orc (D:11)
  A kobold (Bailey)
  A goblin (Bailey)
30 creatures vanquished.

Vanquished Creatures (others)
  10 fungi
  8 plants
18 creatures vanquished.

Grand Total: 619 creatures vanquished

Notes
Turn   | Place    | Note
-------+----------+-------------------------------------------
     0 | D:1      | mortelune the Minotaur Berserker began the quest for the
                  | Orb.
     0 | D:1      | Reached XP level 1. HP: 19/19 MP: 0/0
    37 | D:1      | Reached XP level 2. HP: 24/27 MP: 1/1
   196 | D:1      | Reached skill level 4 in Long Blades
   348 | D:1      | Reached XP level 3. HP: 33/33 MP: 2/2
   960 | D:2      | Reached ** piety under Trog
  1111 | D:2      | Noticed Robin
  1130 | D:2      | Reached XP level 4. HP: 40/40 MP: 3/3
  1148 | D:2      | Killed Robin
  1332 | D:2      | Noticed Natasha
  1355 | D:2      | Killed Natasha
  1355 | D:2      | Reached skill level 5 in Long Blades
  1724 | D:2      | Noticed Natasha
  1733 | D:2      | Killed Natasha
  1733 | D:2      | Reached XP level 5. HP: 32/47 MP: 4/4
  1890 | D:3      | Reached skill level 5 in Fighting
  1908 | D:3      | Reached skill level 6 in Long Blades
  2006 | D:3      | Found a faded altar of an unknown god.
  2037 | D:3      | Reached *** piety under Trog
  2241 | D:3      | Reached XP level 6. HP: 53/56 MP: 5/5
  3133 | D:4      | Reached skill level 7 in Long Blades
  3179 | D:4      | Reached XP level 7. HP: 59/62 MP: 6/6
  3224 | D:4      | Noticed Ijyb
  3231 | D:4      | Killed Ijyb
  3231 | D:4      | Reached skill level 5 in Armour
  3892 | D:5      | Entered Level 5 of the Dungeon
  3892 | D:5      | Noticed Duvessa
  3892 | D:5      | Noticed Dowan
  3903 | D:5      | Killed Dowan
  3908 | D:5      | Killed Duvessa
  3908 | D:5      | Reached skill level 8 in Long Blades
  4262 | D:5      | Reached XP level 8. HP: 71/71 MP: 7/7
  4301 | D:5      | Reached **** piety under Trog
  4931 | D:6      | Found a staircase to the Ecumenical Temple.
  5257 | D:6      | Reached skill level 9 in Long Blades
  5733 | D:7      | Reached skill level 10 in Long Blades
  5920 | D:7      | Reached XP level 9. HP: 78/81 MP: 8/8
  6136 | D:7      | Found Fidyn's Food Emporium.
  6616 | D:7      | Paralysed by a hornet for 3 turns
  6619 | D:7      | Reached skill level 11 in Long Blades
  6992 | D:8      | Found a flagged portal.
  6997 | D:8      | Reached ***** piety under Trog
  7005 | Bailey   | Entered a bailey
  7116 | Bailey   | Noticed an orc knight
  7414 | Bailey   | Killed an orc knight
  7414 | Bailey   | Reached skill level 12 in Long Blades
  7858 | D:8      | Noticed a two-headed ogre
  7864 | D:8      | Killed a two-headed ogre
  7864 | D:8      | Reached XP level 10. HP: 91/91 MP: 9/9
  8131 | D:8      | Found a stormy altar of Qazlal.
  8555 | D:9      | Noticed a cyclops
  8641 | D:8      | Killed a cyclops
  8641 | D:8      | Reached skill level 10 in Fighting
  8641 | D:8      | Reached skill level 13 in Long Blades
  8770 | D:9      | Reached skill level 10 in Armour
  8784 | D:9      | Found a staircase to the Lair.
  8875 | D:9      | Noticed Joseph
  8890 | D:9      | Killed Joseph
  9056 | D:9      | Found an iron altar of Okawaru.
  9315 | D:10     | Entered Level 10 of the Dungeon
  9317 | D:10     | Found a staircase to the Orcish Mines.
  9324 | D:10     | Reached skill level 14 in Long Blades
  9345 | D:10     | Noticed a two-headed ogre
  9353 | D:10     | Killed a two-headed ogre
  9353 | D:10     | Reached XP level 11. HP: 101/101 MP: 10/10
  9655 | D:10     | Noticed Nergalle
  9662 | D:10     | Killed Nergalle
  9667 | D:10     | Noticed Snorg
  9682 | D:10     | Killed Snorg
 10205 | D:11     | Noticed Josephine
 10220 | D:11     | Killed Josephine
 10223 | D:11     | Reached skill level 15 in Long Blades
 10273 | D:11     | Noticed a cyan ugly thing
 10283 | D:11     | Killed a cyan ugly thing
 10541 | D:11     | Noticed an unseen horror
 10563 | D:11     | Noticed Urug
 10565 | D:11     | Killed an unseen horror
 10575 | D:11     | Killed Urug
 10789 | D:11     | Found Hethufu's Changing Room.
 10809 | D:11     | Bought a potion of mutation for 128 gold pieces
 10866 | D:11     | Gained mutation: You are clumsy. (Dex -2) [mutagenic glow]
 11044 | D:11     | Lost mutation: You are clumsy. (Dex -2) [potion of
                  | mutation]
 11044 | D:11     | Gained mutation: You do not regenerate when monsters are
                  | visible. [potion of mutation]
 11044 | D:11     | Gained mutation: You are resistant to hostile enchantments.
                  | (MR+) [potion of mutation]
 11044 | D:11     | Gained mutation: You have large cloven feet. [potion of
                  | mutation]
 11106 | Lair:1   | Entered Level 1 of the Lair of Beasts
 11130 | Lair:1   | Noticed an oklob plant
 11130 | Lair:1   | Noticed an oklob plant
 11130 | Lair:1   | Noticed an oklob plant
 11130 | Lair:1   | Noticed an oklob plant
 11205 | Lair:1   | Reached XP level 12. HP: 112/112 MP: 11/11
 11217 | Lair:1   | Reached skill level 16 in Long Blades
 11783 | Lair:1   | Got a fine cloak
 11794 | Lair:1   | Identified the cursed +0 cloak of Subjectivity {rF+ Dex+2
                  | Slay-6 SInv} (You found it on level 1 of the Lair of
                  | Beasts)
 11944 | Lair:1   | Noticed an eight-headed hydra
 11950 | Lair:1   | Killed an eight-headed hydra
 12278 | Lair:2   | Noticed an eight-headed hydra
 12288 | Lair:2   | Killed an eight-headed hydra
 12595 | Lair:2   | Got a transparent chain mail
 12606 | Lair:2   | Identified the +2 chain mail "Bahydu" {rC- rCorr Int+6
                  | Stlth+} (You found it on level 2 of the Lair of Beasts)
 12727 | Lair:2   | Noticed a five-headed hydra
 12744 | Lair:2   | Killed a five-headed hydra
 13485 | Lair:2   | Reached skill level 17 in Long Blades
 13813 | Lair:2   | Found a hole to the Spider Nest.
 14682 | Lair:3   | Found a transporter.
 14687 | Lair:3   | Found a transporter.
 14687 | Lair:3   | Noticed Rwicked's ghost (journeyman MiBe)
 14819 | Lair:3   | Noticed a five-headed hydra
 14827 | Lair:3   | Killed a five-headed hydra
 14827 | Lair:3   | Reached XP level 13. HP: 122/122 MP: 12/12
 15618 | Lair:4   | Noticed Rupert
 15624 | Lair:4   | Killed Rupert
 16187 | Lair:4   | Reached skill level 18 in Long Blades
 16681 | Lair:4   | Found a staircase to the Shoals.
 18581 | Lair:6   | Entered Level 6 of the Lair of Beasts
 18606 | Lair:6   | Got an ancient gossamer ring
 18611 | Lair:6   | Identified the ring "Cutiad" {rCorr Int+3} (You found it on
                  | level 6 of the Lair of Beasts)
 19201 | Lair:6   | Found a staircase to the Slime Pits.
 19483 | Lair:6   | Reached skill level 19 in Long Blades
 19923 | Lair:6   | Reached XP level 14. HP: 122/133 MP: 13/13
 19926 | Lair:6   | Received a gift from Trog
 21936 | D:12     | Reached skill level 15 in Fighting
 22533 | D:12     | Reached skill level 20 in Long Blades
 22779 | D:12     | Noticed Sonja
 22785 | D:12     | Killed Sonja
 22957 | Orc:1    | Entered Level 1 of the Orcish Mines
 23036 | Orc:1    | Reached skill level 15 in Armour
 23303 | Orc:2    | Entered Level 2 of the Orcish Mines
 23308 | Orc:2    | Noticed Saint Roka
 23316 | Orc:1    | Reached skill level 1 in Throwing
 23538 | Orc:1    | Reached skill level 1 in Evocations
 25299 | Orc:2    | Mangled by Saint Roka

Levels and vault maps discovered:
D:1:      scummos_arrival_star, layout_basic, minmay_misc_feat_tiny
D:2:      layout_basic, grunt_ministairs_9, uniq_natasha, uniq_robin
D:3:      layout_loops_ring, chequers_ecumenical_altar_simple_redux
D:4:      layout_basic, first_ration, minmay_ogre_servants, uniq_ijyb
D:5:      layout_basic, minmay_a_box_with_orc_wizards_in_it, uniq_duvessa
D:6:      layout_basic, minmay_temple_entry_overgrown
D:7:      layout_loops_ring, serial_shops, shop
D:8:      layout_gridville, enter_bailey_3, lemuel_centaur_altar
D:9:      layout_rooms, kennysheep_mini, due_lair_maze_entry_diamond,
          blue_anna_alchemist [blue_anna_fruit_fields, blue_anna_fruit_fields],
          uniq_joseph
D:10:     layout_loops_ring, david_orc_2, uniq_snorg, uniq_nergalle
D:11:     layout_cave_pools, nicolae_transmutations_shop, uniq_urug,
          uniq_josephine
D:12:     layout_basic, solitary_fountain, uniq_sonja
Lair:1:   layout_cave_pods, minmay_lair_oklob_chamber
Lair:2:   lemuel_reptile_caves, layout_long_grid, spider_nest_entry_webs,
          forest_entry_grove
Lair:3:   layout_small_grid, gammafunk_ghost_hive
Lair:4:   layout_layer_cave, minmay_shoals_entry_hut, uniq_rupert
Lair:5:   layout_roguey
Lair:6:   due_jungle_book, layout_long_grid, nicolae_slime_entry_slimehenge,
          serial_bayou_shore_b, lemuel_fruit_fields
Orc:1:    layout_diamond_mine, guppyfry_orc_lava_fort
Orc:2:    grunt_orc_gardens, layout_caves, grunt_orc_garden, grunt_orc_garden,
          grunt_orc_garden, grunt_orc_garden, david_defended_altar_orc,
          uniq_saint_roka

Skill      XL: |  1  2  3  4  5  6  7  8  9 10 11 12 13 14 |
---------------+-------------------------------------------+-----
Fighting       | 4 5 6 7 9 10 12 13 14 15 | 15.4
Long Blades    | 4 5 6 7 8 10 12 14 15 17 19 20 | 20.0
Armour         | 3 4 5 7 9 10 11 13 14 15 | 15.2
Throwing       | 2 |  2.3
Evocations     | 2 |  2.1
Dodging        | |  2.6

Action                   |  1- 3 |  4- 6 |  7- 9 | 10-12 | 13-15 || total
-------------------------+-------+-------+-------+-------+-------++-------
Melee: Falchion          |    98 |   114 |       |       |       ||   212
       Headbutt          |     8 |    31 |    41 |    94 |   152 ||   326
       Great sword       |       |    73 |   242 |   404 |   466 ||  1185
       Morningstar       |       |       |       |    16 |    20 ||    36
Throw: Boomerang         |       |       |    86 |       |     3 ||    89
Invok: Trog's Hand       |     1 |       |     4 |     3 |     5 ||    13
       Berserk           |       |     1 |     6 |    12 |     8 ||    27
       Brothers in Arms  |       |       |     3 |     5 |     9 ||    17
Evoke: Wand              |       |       |       |       |     1 ||     1
  Use: Scroll            |     3 |       |     9 |     9 |    11 ||    32
       Potion            |       |       |     2 |     2 |     2 ||     6
  Eat: Chunk             |       |     9 |    16 |    32 |    32 ||    89
       Ration            |       |       |     3 |     2 |     4 ||     9
Armor: Animal skin       |     8 |       |       |       |       ||     8
       Plate armour      |    61 |   117 |   212 |   150 |   238 ||   778
       Chain mail        |       |       |       |    98 |    57 ||   155
Dodge: Dodged            |    45 |    70 |   123 |   366 |   399 ||  1003
       Rpst.: Falchion   |    12 |    10 |       |       |       ||    22
       Great sword       |       |    10 |    31 |    92 |    71 ||   204
